 Dungeon Crawl Stone Soup version 0.31.0-7-gf635a9b802 (webtiles) character file.

Game seed: 11740279399807792222

312 sasquatch the Shield-Bearer (level 6, -1/47 HPs)
             Began as a Formicid Fighter on Jan 23, 2024.
             Slain by an iguana (7 damage)
             ... on level 4 of the Dungeon.
             The game lasted 00:04:59 (2589 turns).

sasquatch the Shield-Bearer (Formicid Fighter)      Turns: 2589, Time: 00:04:59

Health: -1/47      AC:  9    Str: 21    XL:     6   Next: 70%
Magic:  6/6        EV:  9    Int:  7    God:
Gold:   152        SH:  6    Dex: 15    Spells: 5/5 levels left

rFire   . . .        j - +0 dagger (venom)
rCold   . . .        c - +0 buckler
rNeg    . . .        b - +0 scale mail
rPois   .            (helmet unavailable)
rElec   .            (no cloak)
rCorr   .            i - +0 pair of gloves
SInv    +            e - +0 pair of boots
Will    .....        (no amulet) Stlth
                     (no ring)
HPRegen 0.27/turn    (no ring)
MPRegen 0.10/turn

%: no passive effects
@: no status effects
A: permanent stasis, dig shafts and tunnels, antennae 3, four strong arms
a: Dig, Shaft Self


You were on level 4 of the Dungeon.
You visited 1 branch of the dungeon, and saw 4 of its levels.

You collected 152 gold pieces.

Inventory:

Hand Weapons
 a - a +0 long sword
 d - a +0 short sword of electrocution
 j - a +0 dagger of venom (weapon)
Armour
 b - a +0 scale mail (worn)
 c - a +0 buckler (worn)
 e - a +0 pair of boots (worn)
 i - a +0 pair of gloves (worn)
Wands
 q - a wand of roots (8)
Scrolls
 h - a scroll of torment {unknown}
 k - 2 scrolls of teleportation {unknown}
 l - 3 scrolls of identify {unknown}
 m - a scroll of revelation {unknown}
 r - a scroll of acquirement {unknown}
Potions
 f - a potion of enlightenment {unknown}
 g - a potion of curing {unknown}
 n - a potion of lignification {unknown}
 o - a potion of magic {unknown}
 p - a potion of degeneration {unknown}


   Skills:
 - Level 3.2 Fighting
 * Level 5.4 Long Blades
 - Level 3.2 Armour
 + Level 6.2 Shields


You had 5 spell levels left.
You didn't know any spells.
Your spell library contained the following spells:

 Spells                   Type           Power      Damage    Failure   Level
 Magic Dart               Conj           0%         1d3       83%         1
 Call Imp                 Summ           0%         N/A       92%         2
 Scorch                   Fire           0%         2d5       92%         2
 Sublimation of Blood     Necr           0%         N/A       92%         2
 Tukima's Dance           Hex            0%         N/A       99%         3
 Flame Wave               Conj/Fire      0%         2d4       100%        4
 Passage of Golubria      Tloc           0%         N/A       100%        4
 Yara's Violent Unravell  Hex/Alch       0%         3d3       100%        5
 Summon Cactus Giant      Summ           0%         N/A       100%        6
 Summon Hydra             Summ           0%         N/A       100%        7
 Blink                    Tloc           Unusable   N/A       N/A         2

Dungeon Overview and Level Annotations

Branches:
Dungeon (4/15)
 Temple: D:4-7

Altars:

Shops:
D:1 [   D:2 =

Annotations:
D:2 1 runed translucent door, Crazy Yiuf
D:3 2 transporters, Vila42's ghost, amateur TrMo


Innate Abilities, Weirdness & Mutations

You cannot be hasted, slowed, berserked, paralysed or teleported.
You can dig through walls and to a lower floor.
You have a pair of large antennae on your head. (SInv)
Your four strong arms can wield two-handed weapons with a shield.


Message History

You hit the goblin but do no damage.
The goblin is poisoned.
The goblin hits you but does no damage.
You closely miss the goblin.
The goblin is heavily wounded.
The goblin hits you but does no damage.
You barely miss the goblin.
The goblin is moderately wounded.
You block the goblin's attack.
You hit the goblin.
You kill the goblin!
You closely miss the iguana. You block the iguana's attack.
You hit the iguana but do no damage. You hit the iguana but do no damage.
The iguana is poisoned.
The iguana bites you!
You barely miss the iguana.
The iguana is lightly wounded.
The iguana bites you!
You are too injured to fight recklessly!
You are too injured to fight recklessly!
You are too injured to fight recklessly!
You barely miss the iguana.
The iguana is lightly wounded.
The iguana closely misses you.
You hit the iguana but do no damage.
The iguana looks as sick as possible!
The iguana is lightly wounded.
You block the iguana's attack.
You barely miss the iguana.
The iguana is lightly wounded.
The iguana bites you!
* * * LOW HITPOINT WARNING * * *
You hit the iguana.
The iguana looks as sick as possible!
The iguana is moderately wounded.
You hit the iguana but do no damage.
The iguana looks as sick as possible!
The iguana is moderately wounded.
The iguana bites you!
* * * LOW HITPOINT WARNING * * *
You hit the iguana.
The iguana is heavily wounded.
The iguana bites you!
You die...

#.# #.# .# #.# ...
#.# #.. #.# .#...##
#.# ...?..)#####.###
#.....l@......#####
...#########.......#
#.#.##### #.#.#
###)#.#### .###
#.)......#
.....##.#...#..#
#........#..##
#.##.##.......


You could see an iguana (extremely poisoned).

Vanquished Creatures
  Sigmund (D:2)
  Jessica (D:2)
  Terence (D:3)
  Robin (D:2)
  An adder (D:2)
  2 dart slugs
  2 ribbon worms (D:2)
  2 orcs (D:4)
  10 endoplasms
  3 giant cockroaches
  6 hobgoblins
  2 quokkas
  8 ball pythons
  3 bats
  3 frilled lizards (D:3)
  18 goblins
  2 kobolds
  4 rats
70 creatures vanquished.

Notes
Turn   | Place    | Note
-------+----------+-------------------------------------------
     0 | D:1      | sasquatch the Formicid Fighter began the quest for the Orb.
     0 | D:1      | Reached XP level 1. HP: 18/18 MP: 1/1
    40 | D:1      | Found Umubott's Armour Boutique.
    93 | D:1      | Reached XP level 2. HP: 24/24 MP: 2/2
   501 | D:1      | Reached XP level 3. HP: 22/29 MP: 3/3
   652 | D:2      | Noticed Sigmund
   667 | D:2      | Killed Sigmund
   668 | D:2      | Reached skill level 5 in Shields
   668 | D:2      | Reached XP level 4. HP: 27/35 MP: 4/4
   668 | D:2      | Reached XP level 5. HP: 32/41 MP: 5/5
   807 | D:2      | Reached XP level 6. HP: 40/47 MP: 6/6
   859 | D:2      | Identified the +8 hand axe of the Hierophant {flame, Str+3
                  | Int+4}
   906 | D:2      | Noticed Robin
   932 | D:2      | Reached skill level 5 in Long Blades
   938 | D:2      | Killed Robin
  1100 | D:2      | Found Ruentyka's Jewellery Shop.
  1290 | D:2      | Noticed Jessica
  1306 | D:2      | Killed Jessica
  1307 | D:2      | Reached skill level 6 in Shields
  1599 | D:2      | Found a runed translucent door.
  1600 | D:2      | Noticed Crazy Yiuf
  1694 | D:3      | Found a transporter.
  2008 | D:3      | Found a transporter.
  2010 | D:3      | Noticed Vila42's ghost (amateur TrMo)
  2015 | D:3      | Noticed Terence
  2026 | D:3      | Killed Terence
  2430 | D:4      | Noticed an ogre
  2589 | D:4      | Slain by an iguana

Illustrated notes

Levels and vault maps discovered:
D:1:      nzn_arrival_crosshair, layout_basic, serial_shops, shop
D:2:      layout_basic, serial_shops, nicolae_lakefront_shop,
          uniq_crazy_yiuf_cottage, uniq_sigmund, uniq_robin, uniq_jessica
D:3:      layout_basic, gammafunk_ghost_gnarly_gnolls,
          chequers_serial_rivers_small_3, corexii_corridor_pit, uniq_terence
D:4:      layout_basic, minmay_manual_monolith

Skill      XL: |  1  2  3  4  5  6 |
---------------+-------------------+-----
Long Blades    | 4 5 |  5.4
Shields        | 5 6 |  6.2
Fighting       | |  3.2
Armour         | |  3.2

Action                     |  1- 3 |  4- 6 || total
---------------------------+-------+-------++-------
  Melee: Long sword        |    61 |    11 ||    72
         Dagger            |       |   182 ||   182
Ability: Dig               |       |     1 ||     1
    Use: Potion            |     1 |     1 ||     2
 Armour: Scale mail        |    48 |    86 ||   134
  Dodge: Dodged            |    27 |    75 ||   102
  Block: Buckler           |    15 |    35 ||    50
